 Dungeon Crawl Stone Soup version 0.20.1-1-g8b1a95d (webtiles) character file.

256 equalderp2856 the Skirmisher (level 5, -3/42 HPs)
             Began as a Mummy Fighter on Oct 23, 2017.
             Slain by a river rat (5 damage)
             ... in a sewer.
             The game lasted 00:05:34 (3445 turns).

equalderp2856 the Skirmisher (Mummy Fighter)        Turns: 3445, Time: 00:05:35

Health: -3/42      AC:  7    Str: 20    XL:     5   Next: 92%
Magic:  5/5        EV:  7    Int:  8    God:
Gold:   95         SH:  9    Dex: 11    Spells: 4/4 levels left

rFire    x . .     SeeInvis .   a - +0 war axe
rCold    + . .     Gourm    .   c - +0 shield
rNeg     + + +     Faith    .   b - +0 scale mail
rPois    ∞         Spirit   .   l - +1 hat
rElec    .         Reflect  .   (no cloak)
rCorr    .         Harm     .   (no gloves)
MR       .....                  (no boots)
Stlth    ..........             (no amulet)
Regen    0.2/turn               (no ring)
MPRegen  0.1/turn               (no ring)

@: no status effects
A: no food or potions, fire vulnerability, cold resistance 1, negative energy
resistance 3, torment resistance, unbreathing
a: no special abilities


You were in a sewer.
You were not hungry.

You visited 1 branch of the dungeon, and saw 5 of its levels.
You also visited: Sewer.

You collected 95 gold pieces.

Inventory:

Hand Weapons
 a - a +0 war axe (weapon)
Armour
 b - a +0 scale mail (worn)
 c - a +0 shield (worn)
 j - a +0 helmet
 l - a +1 hat (worn)
Scrolls
 d - a scroll of identify {unknown}
 e - a scroll of blinking {unknown}
 f - 2 scrolls of teleportation {unknown}
 g - a scroll of fear {unknown}
 h - 3 scrolls of enchant weapon {unknown}
 i - a scroll of magic mapping {unknown}
 k - a scroll of fog {unknown}


   Skills:
 + Level 3.8 Fighting
 + Level 3.3 Axes
 + Level 3.3 Armour
 + Level 0.8 Dodging
 + Level 3.2 Shields


You had 4 spell levels left.
You didn't know any spells.

Dungeon Overview and Level Annotations

Branches:
Dungeon (5/15)
 Temple: D:4-7

Altars:

Annotations:
D:3 Sigmund; Vojta's ghost, amateur DDHu
D:5 Menkaure


Innate Abilities, Weirdness & Mutations

You do not eat or drink.
Your flesh is vulnerable to fire.
You are immune to poison.
Your flesh is cold resistant. (rC+)
You are immune to negative energy. (rN+++)
You are immune to unholy pain and torment.
You can survive without breathing.


Message History

You hit the river rat. The river rat closely misses you.
The river rat bites you but does no damage.
You hit the rat.
You kill the rat!
You closely miss the river rat. You hit the river rat but do no damage.
The river rat bites you.
* * * LOW HITPOINT WARNING * * *
The river rat bites you but does no damage.
Unknown command.
The river rat barely misses you.
Your scale mail prevents you from hitting the river rat.
The river rat barely misses you.
You closely miss the river rat.
The river rat bites you but does no damage.
You slash the river rat!
The river rat is severely wounded.
You closely miss the rat. The river rat bites you.
* * * LOW HITPOINT WARNING * * *
You block the rat's attack. The river rat bites you.
You die...

≈≈≈≈≈≈≈≈≈≈≈≈≈≈≈≈≈≈≈≈≈≈≈≈≈≈≈≈≈≈≈≈≈
≈≈≈≈≈≈≈≈≈≈≈≈≈≈≈≈≈≈≈≈≈≈≈≈≈≈≈≈≈≈≈≈≈
≈≈≈≈≈≈.≈≈≈≈≈≈≈≈≈≈≈≈≈≈≈≈≈≈≈≈≈≈≈≈≈≈
..≈≈≈.........≈≈≈..≈##≈≈≈≈≈
....##..........rr...##
...####........##.....##.. ...
#.......###.........
...............###........
###.....####....@rr.####..
###..## ###...r.## ### #######


You could see 2 river rats and a rat.

Vanquished Creatures
  Robin (D:2)
  7 adders
  4 river rats
  3 oozes
  2 adder skeletons
  3 worms
  A dart slug (D:3)
  4 leopard geckos
  11 bats
  2 giant cockroaches
  17 goblins
  12 hobgoblins
  7 jackals (D:2)
  A quokka (D:3)
  5 ball pythons
  5 frilled lizards
  11 kobolds
  29 rats
125 creatures vanquished.

Notes
Turn   | Place    | Note
-------+----------+-------------------------------------------
     0 | D:1      | equalderp2856 the Mummy Fighter began the quest for the Orb.
     0 | D:1      | Reached XP level 1. HP: 18/18 MP: 1/1
    55 | D:1      | Reached XP level 2. HP: 24/24 MP: 2/2
   210 | D:1      | Reached XP level 3. HP: 23/29 MP: 3/3
  1019 | D:2      | Reached XP level 4. HP: 15/35 MP: 4/4
  1620 | D:2      | Noticed Robin
  2026 | D:3      | Noticed Vojta's ghost (amateur DDHu)
  2351 | D:2      | Killed Robin
  2351 | D:2      | Reached XP level 5. HP: 35/41 MP: 5/5
  2714 | D:3      | Noticed Sigmund
  2794 | D:4      | Noticed an ogre
  2825 | D:5      | Entered Level 5 of the Dungeon
  2825 | D:5      | Noticed Menkaure
  2831 | D:4      | Found a glowing drain.
  2992 | Sewer    | Entered a sewer
  3445 | Sewer    | HP: 2/42 [river rat (6)]
  3445 | Sewer    | Slain by a river rat

Skill      XL: |  1  2  3  4  5 |
---------------+----------------+-----
Axes           | 2 3 |  3.3
Armour         | 3 |  3.3
Shields        | 3 |  3.2
Fighting       | |  3.8
Dodging        | |  0.8

Action                   |  1- 3 |  4- 6 || total
-------------------------+-------+-------++-------
Melee: War axe           |    96 |   276 ||   372
Armor: Scale mail        |    47 |   141 ||   188
Dodge: Dodged            |    21 |   103 ||   124
Block: Shield            |    46 |   149 ||   195
